 Dungeon Crawl Stone Soup version 0.22.1-5-g62c59d9 (webtiles) character file.

100 HandofTrog the Insei (level 4, -3/35 HPs)
             Began as a Demonspawn Monk on Jan 13, 2019.
             Was an Initiate of Gozag.
             Slain by an orc (4 damage)
             ... on level 3 of the Dungeon.
             The game lasted 00:10:14 (2759 turns).

HandofTrog the Insei (Demonspawn Monk)              Turns: 2759, Time: 00:10:15

Health: -3/35      AC:  2    Str: 11 (12) XL:     4   Next: 46%
Magic:  4/4        EV: 13    Int: 10 (12) God:    Gozag
Gold:   301        SH:  5    Dex: 12 (15) Spells: 3/3 levels left

rFire    . . .     SeeInvis .     - Unarmed
rCold    . . .     Gourm    .   (no shield)
rNeg     . . .     Faith    .   a - +0 robe
rPois    .         Spirit   .   (helmet restricted)
rElec    .         Reflect  +   (no cloak)
rCorr    .         Harm     .   (no gloves)
MR       .....                  (no boots)
Stlth    ++........             e - +5 amulet of reflection
HPRegen  0.11/turn              (no ring)
MPRegen  0.09/turn              (no ring)

@: no status effects
A: antennae 1, sturdy frame 1
a: Potion Petition, Call Merchant, Bribe Branch, Renounce Religion


You were on level 3 of the Dungeon.
You worshipped Gozag.
Gozag was aware of your devotion.
You were not hungry.

You visited 1 branch of the dungeon, and saw 3 of its levels.

You collected 301 gold pieces.

Inventory:

Hand Weapons
 d - a cursed -2 short sword
 f - a cursed -3 spear
Missiles
 g - a throwing net (quivered)
 l - 7 tomahawks
Armour
 a - a +0 robe (worn)
 h - a +0 helmet
Jewellery
 e - a +5 amulet of reflection (around neck)
Scrolls
 b - a scroll of amnesia {unknown}
 c - 2 scrolls of identify {unknown}
 i - a scroll of enchant weapon {unknown}
Potions
 k - a potion of degeneration


   Skills:
 + Level 3.3 Fighting
 + Level 3.4 Dodging
 + Level 2.3 Stealth
 + Level 3.7 Unarmed Combat


You had 3 spell levels left.
You didn't know any spells.
Your spell library was empty.

Dungeon Overview and Level Annotations

Branches:
Dungeon (3/15)

Altars:
Gozag
Wu Jian


Innate Abilities, Weirdness & Mutations

You have a pair of small antennae on your head.
Your movements are slightly less encumbered by armour. (ER -2)


Message History

The goblin hits you but does no damage. The orc hits you but does no damage.
Your transformation is almost over.
The goblin hits you but does no damage. The orc hits you but does no damage.
The goblin hits you but does no damage. The orc hits you.
* * * LOW HITPOINT WARNING * * *
You block the goblin's attack. The orc hits you but does no damage.
The goblin hits you but does no damage. You block the orc's attack.
The goblin hits you but does no damage. You block the orc's attack.
The goblin barely misses you. The orc hits you but does no damage.
The goblin hits you but does no damage. The orc hits you but does no damage.
The goblin hits you but does no damage. The orc hits you but does no damage.
The goblin hits you but does no damage. The orc hits you but does no damage.
The goblin hits you but does no damage. The orc hits you.
* * * LOW HITPOINT WARNING * * *
You feel less wooden.
Your +0 robe unmelds from your body.
The goblin hits you.
* * * LOW HITPOINT WARNING * * *
The orc hits you.
You die...
Your body crumbles into a pile of gold.

#..<..# #.##<##
##.. #.....# #..#
#.####.# ...# #.#
#.# #..#
#####.### #.##..#
........#
####..#####.#
#####.#.#
#...$o......#
###.## #g@#
##...## ###$.# #
##.....###....#
#.#.......##.##.#
#....._......##.#
###.......#..##.#
##.....###.##.#
##...## #.##.#
##.## #.# ## $


You could see an orc and a goblin.

Vanquished Creatures
  4 gnolls
  2 adders (D:2)
  An ooze (D:1)
  A worm (D:2)
  2 leopard geckos
  A giant cockroach (D:3)
  6 goblins
  2 hobgoblins (D:1)
  3 quokkas
  5 bats
  2 frilled lizards
  5 kobolds
  5 rats
39 creatures vanquished.

Notes
Turn   | Place    | Note
-------+----------+-------------------------------------------
     0 | D:1      | HandofTrog the Demonspawn Monk began the quest for the Orb.
     0 | D:1      | Reached XP level 1. HP: 18/18 MP: 1/1
   490 | D:1      | Gained mutation: You have a pair of small antennae on your
                  | head. [demonic ancestry]
   490 | D:1      | Reached XP level 2. HP: 12/24 MP: 2/2
  1248 | D:2      | Found an opulent altar of Gozag.
  1264 | D:2      | Became a worshipper of Gozag Ym Sagoz the Greedy
  1276 | D:2      | HP: 1/24 [gnoll/halberd (15)]
  1284 | D:2      | Reached XP level 3. HP: 19/29 MP: 3/3
  2222 | D:2      | Gained mutation: Your movements are slightly less
                  | encumbered by armour. (ER -2) [demonic ancestry]
  2222 | D:2      | Reached XP level 4. HP: 29/35 MP: 4/4
  2686 | D:3      | Found an ornate altar of the Wu Jian Council.
  2727 | D:3      | HP: 1/35 [orc (4)]
  2759 | D:3      | HP: 1/35 [goblin (1)]
  2759 | D:3      | Slain by an orc

Skill      XL: |  1  2 |
---------------+-------+-----
Dodging        | 3 |  3.4
Stealth        | 2 |  2.3
Unarmed Combat | 3 |  3.7
Fighting       | |  3.3

Action                   |  1- 3 |  4- 6 || total
-------------------------+-------+-------++-------
Melee: Unarmed           |   150 |    70 ||   220
       Punch             |     1 |       ||     1
Invok: Potion Petition   |     1 |       ||     1
  Use: Potion            |       |     2 ||     2
 Stab: Sleeping          |     5 |     1 ||     6
       Distracted        |     1 |       ||     1
  Eat: Ration            |     1 |     1 ||     2
Armor: Robe              |    21 |     9 ||    30
       Skin              |       |    40 ||    40
Dodge: Dodged            |    77 |    52 ||   129
Block: Other             |    15 |    34 ||    49
